 Dungeon Crawl Stone Soup version 0.28.0-45-g0d030f2227 (webtiles) character file.

Game seed: 17601953887909743930

32 Descartes the Sneak (level 3, -7/36 HPs)
             Began as a Troll Delver on Apr 13, 2022.
             Mangled by a hornet (11 damage)
             ... on level 5 of the Dungeon.
             The game lasted 00:00:39 (89 turns).

Descartes the Sneak (Troll Delver)                    Turns: 89, Time: 00:00:41

Health: -7/36      AC:  4    Str: 20    XL:     3   Next: 8%
Magic:  2/2        EV: 10    Int:  8    God:
Gold:   0          SH:  0    Dex: 11    Spells: 2/2 levels left

rFire   . . .      SeeInvis .     - Unarmed
rCold   . . .      Faith    .   (no shield)
rNeg    . . .      Spirit   .   a - +0 robe
rPois   .          Reflect  .   (helmet restricted)
rElec   .          Harm     .   (no cloak)
rCorr   .          Rampage  .   (gloves unavailable)
Will    .....                   (boots unavailable)
Stlth   ++........              (no amulet)
HPRegen 0.92/turn               (no ring)
MPRegen 0.08/turn               (no ring)

@: lethally poisoned (-7 -> -11), slowed, very slow
A: large, unfitting armour, claws 3, regeneration 1, shaggy fur 1, tough skin 1
a: no special abilities


You were on level 5 of the Dungeon.
You visited 1 branch of the dungeon, and saw 1 of its levels.

Inventory:

Missiles
 g - 29 stones (quivered)
Armour
 a - a +0 robe (worn)
Wands
 f - a wand of digging (3)
Scrolls
 b - a scroll of fog
 c - a scroll of magic mapping
 d - a scroll of fear
Potions
 e - a potion of haste
 h - a potion of invisibility {unknown}


   Skills:
 - Level 2.4 Fighting
 + Level 2.1 Dodging
 + Level 3.0 Stealth
 + Level 2.6 Unarmed Combat


You had 2 spell levels left.
You didn't know any spells.
Your spell library was empty.

Dungeon Overview and Level Annotations

Branches:
Dungeon (5/15)
 Temple: D:4-7

Altars:


Innate Abilities, Weirdness & Mutations

You are too large for most types of armour.
You have claws for hands.
Your natural rate of healing is unusually fast.
You are covered in fur. (AC +1)
You have tough skin. (AC +1)


Message History

The bullfrog zombie is heavily damaged.
The bullfrog zombie hits you but does no damage.
You claw the bullfrog zombie!
The bullfrog zombie is severely damaged.
The bullfrog zombie hits you.
You claw the bullfrog zombie!
You destroy the bullfrog zombie!
Your Dodging skill increases to level 2!
Your Stealth skill increases to level 3!
You have reached level 2!
You have reached level 3!
Your experience leads to an increase in your attributes!
Increase (S)trength, (I)ntelligence, or (D)exterity?
You feel clever. x2; You feel stronger.
HP restored.
A hornet comes into view.
Found a trident.
Found a stone staircase leading up.
You barely miss the hornet.
The hornet buzzes angrily.
You hear a shout!
The hornet stings you!
You suddenly lose the ability to move!
The hornet stings you!
You feel yourself slow down.
You can move again.
You scratch the hornet.
The hornet is lightly wounded.
You feel yourself speed up. The hornet stings you.
You are poisoned.
You feel yourself slow down. The hornet barely misses you.
The hornet misses you.
An orc wizard comes into view. It is wielding a +0 dagger.
You barely miss the hornet.
The hornet is lightly wounded.
You feel very sick.
The hornet stings you but does no damage.
The orc wizard casts a spell at you. The magic dart hits you!
* * * LOW HITPOINT WARNING * * *
The hornet stings you!
You die...

### ..# #.# #.# #.#.#
########.# #.#.#
#......@.# #.#.#
#.#####.y###########.#.#
#................#
##.########......# #.#
#....... #o# #......#
..# #......# ).<
#.####.# ###. #.# #.#


You could see a hornet and an orc wizard.

Vanquished Creatures
  A bullfrog zombie (D:5)
1 creature vanquished.

Notes
Turn   | Place    | Note
-------+----------+-------------------------------------------
     0 | D:5      | Descartes the Troll Delver began the quest for the Orb.
     0 | D:5      | Reached XP level 1. HP: 22/22 MP: 0/0
    68 | D:5      | Reached skill level 3 in Stealth
    68 | D:5      | Reached XP level 2. HP: 20/29 MP: 1/1
    68 | D:5      | Reached XP level 3. HP: 25/36 MP: 2/2
    81 | D:5      | Noticed a hornet
    86 | D:5      | Paralysed by a hornet for 1 turns
    89 | D:5      | Mangled by a hornet

Illustrated notes

Levels and vault maps discovered:
D:5:      layout_loops_ring, grunt_qazlal_sundering,
          gammafunk_temple_overflow_elements

Skill      XL: |  1 |
---------------+----+-----
Dodging        | 2 |  2.1
Stealth        | 3 |  3.0
Fighting       | |  2.4
Unarmed Combat | |  2.6

Action                   || total
-------------------------++-------
Melee: Unarmed           ||     8
Armor: Robe              ||     4
Dodge: Dodged            ||     2
